 Dungeon Crawl Stone Soup version 0.23-a0-643-g9ccc95a (webtiles) character file.

67043 MalarOregon the Spear-Bearer (level 15, -1/172 HPs)
             Began as a Merfolk Gladiator on Dec 31, 2018.
             Was the Champion of Nemelex Xobeh.
             Slain by Baiput's ghost (2 damage)
             ... on level 5 of the Lair of Beasts.
             The game lasted 01:08:21 (22921 turns).

MalarOregon the Spear-Bearer (Merfolk Gladiator)   Turns: 22921, Time: 01:08:22

Health: -1/172     AC: 27    Str: 15    XL:     15   Next: 21%
Magic:  0/29       EV:  2    Int: 12    God:    Nemelex Xobeh [******]
Gold:   1097       SH:  6    Dex: 19    Spells: 11/34 levels left

rFire    . . .     SeeInvis +   a - +8 spear of Sloth {venom, SInv}
rCold    . . .     Gourm    .   U - +0 buckler
rNeg     + + +     Faith    .   (armour currently unavailable)
rPois    +         Spirit   +   (helmet currently unavailable)
rElec    +         Reflect  .   (cloak currently unavailable)
rCorr    .         Harm     .   (gloves currently unavailable)
MR       ++...     NoTele   +   (boots currently unavailable)
Stlth    +.........             s - amulet of guardian spirit
HPRegen  0.38/turn              V - ring of Hocliogy {rElec Dex+2 Stlth-}
MPRegen  0.21/turn              l - ring of protection from magic

@: tree-form
A: (change form in water), (swift swim), (stealthy swim)
a: Draw Escape, Draw Destruction, Draw Summoning, Draw Stack, Triple Draw, Deal
Four, Stack Five, Renounce Religion


You were on level 5 of the Lair of Beasts.
You worshipped Nemelex Xobeh.
Nemelex Xobeh was exalted by your worship.
You were hungry.
You were a tree.
You visited 3 branches of the dungeon, and saw 21 of its levels.
You also visited: Sewer, Ossuary and Volcano.

You collected 1431 gold pieces.
You spent 334 gold pieces at shops.

Inventory:

Hand Weapons
 a - the +8 spear of Sloth (weapon) {venom, SInv}
   (You found it in an ossuary)

   It poisons the flesh of those it strikes.
   It lets you see invisible.
 C - a +3 blowgun
   (You took it off a kobold in a sewer)
Missiles
 d - 7 throwing nets {!f}
 h - 145 poisoned needles
 j - 399 arrows
 J - 7 tomahawks (quivered)
 S - 3 silver javelins
 X - 4 needles of confusion
 Y - 10 javelins
Armour
 b - a +0 pair of boots (melded)
   (You found it on level 10 of the Dungeon)
 o - a +1 cloak (melded)
   (You found it on level 1 of the Dungeon)
 K - a +2 hat (melded)
   (You took it off Gastronok on level 1 of the Lair of Beasts)
 M - a +3 leather armour of fire resistance
   (You found it in a volcano)
 U - a +0 buckler (worn)
   (You took it off a gnoll sergeant on level 10 of the Dungeon)
 Z - +0 acid dragon scales (melded)
   (You found it on level 14 of the Dungeon)
Jewellery
 i - an uncursed ring of protection from fire
   (You found it on level 8 of the Dungeon)
 l - a ring of protection from magic (right branch)
   (You found it on level 6 of the Dungeon)
 q - an uncursed ring of ice
   (You found it on level 1 of the Dungeon)
 s - an amulet of guardian spirit (around neck)
   (You found it on level 2 of the Dungeon)
 V - the ring of Hocliogy (left branch) {rElec Dex+2 Stlth-}
   (You bought it in a shop on level 11 of the Dungeon)

   [ring of attention]

   It affects your dexterity (+2).
   It insulates you from electricity.
   It makes you less stealthy.
Wands
 t - a wand of flame (42)
   (You found it on level 12 of the Dungeon)
 u - a wand of paralysis (8)
   (You found it on level 7 of the Dungeon)
 v - a wand of digging (3)
   (You found it on level 5 of the Lair of Beasts)
 x - a wand of acid (5)
   (You took it off Ijyb on level 5 of the Dungeon)
 T - a wand of polymorph (14)
   (You found it on level 14 of the Dungeon)
 W - a wand of clouds (4)
   (You found it on level 1 of the Lair of Beasts)
Scrolls
 c - a scroll of holy word
 f - 8 scrolls of immolation {!r}
 m - 11 scrolls of remove curse {@r2}
 p - 2 scrolls of fog
 y - 4 scrolls of amnesia
 G - 9 scrolls of identify {@r1}
 H - 3 scrolls of magic mapping
 L - 9 scrolls of teleportation {@r4}
 N - 3 scrolls of enchant armour
 Q - a scroll of blinking
Potions
 g - 5 potions of haste {@q3}
 k - 5 potions of might
 n - 7 potions of mutation {!q}
 w - 5 potions of flight
 z - 4 potions of curing {@q1}
 A - a potion of resistance
 B - 3 potions of heal wounds {@q2}
 D - 5 potions of brilliance
 E - 5 potions of ambrosia
 F - 2 potions of magic
 I - 3 potions of lignification {!q}
 O - 6 potions of agility
 R - a potion of berserk rage
Comestibles
 e - 35 rations {!d}


   Skills:
 - Level 10.0 Fighting
 - Level 14.0 Polearms
 - Level 2.0 Throwing
 - Level 5.0 Armour
 - Level 10.0 Dodging
 - Level 4.0 Shields
 - Level 10.0 Spellcasting
 - Level 5.0 Hexes
 - Level 5.0 Summonings
 + Level 13.4 Transmutations
 - Level 5.0 Ice Magic
 - Level 5.0 Poison Magic
 - Level 10.1 Invocations
 - Level 5.0 Evocations


You had 11 spell levels left.
You knew the following spells:

 Your Spells              Type           Power        Failure   Level  Hunger
a - Dragon Form           Tmut           #####.....   38%         7    #######
b - Yara's Violent Unrav  Hex/Tmut       ####......   8%          5    #####..
d - Summon Ice Beast      Ice/Summ       ###.....     16%         4    ####...
f - Mephitic Cloud        Conj/Pois/Air  ##......     19%         3    ##.....
s - Sticks to Snakes      Tmut           #####...     1%          2    None
x - Ensorcelled Hibernat  Hex/Ice        ###...       2%          2    None

Your spell library contained the following spells:

 Spells                   Type           Power        Failure   Level  Hunger
 Beastly Appendage        Tmut           #####.       1%          1    None
 Corona                   Hex            ###....      1%          1    None
 Freeze                   Ice            ###.         1%          1    None
 Spider Form              Tmut/Pois      ####......   1%          3    ##.....
 Blade Hands              Tmut           #####.....   1%          5    #####..
 Call Imp                 Summ           ###.....     2%          2    None
 Slow                     Hex            ###.....     2%          2    None
 Ice Form                 Ice/Tmut       ####....     2%          4    ####...
 Confuse                  Hex            ###.....     4%          3    ##.....
 Tukima's Dance           Hex            ###.....     4%          3    ##.....
 Throw Frost              Conj/Ice       ##....       6%          2    None
 Hydra Form               Tmut           #####.....   8%          6    #######
 Flame Tongue             Conj/Fire      #....        12%         1    None
 Infusion                 Chrm           #...         12%         1    None
 Magic Dart               Conj           #...         12%         1    None
 Dazzling Spray           Conj/Hex       ##....       13%         3    ##.....
 Inner Flame              Hex/Fire       ##......     13%         3    ##.....
 Ozocubu's Armour         Chrm/Ice       ##......     13%         3    ##.....
 Spectral Weapon          Hex/Chrm       ##......     13%         3    ##.....
 Cause Fear               Hex            ###.......   16%         4    ####...
 Blink                    Tloc           N/A          19%         2    None
 Searing Ray              Conj           #.....       19%         2    None
 Shroud of Golubria       Chrm/Tloc      #.........   19%         2    None
 Song of Slaying          Chrm           #.......     19%         2    None
 Throw Flame              Conj/Fire      #.....       19%         2    None
 Irradiate                Conj/Tmut      ###.......   22%         5    #####..
 Conjure Flame            Conj/Fire      #.......     34%         3    ##.....
 Regeneration             Chrm/Necr      #.........   34%         3    ##.....
 Fulminant Prism          Conj/Hex       ##........   38%         4    ####...
 Throw Icicle             Conj/Ice       ##......     38%         4    ####...
 Force Lance              Conj/Tloc      #.......     75%         4    ####...
 Iskenderun's Mystic Bla  Conj           #.......     75%         4    ####...
 Sticky Flame             Conj/Fire      #.......     75%         4    ####...
 Silence                  Hex/Air        ##........   75%         5    #####..
 Statue Form              Tmut/Erth      ###......    75%         6    #######
 Fireball                 Conj/Fire      #.........   97%         5    #####..
 Deflect Missiles         Chrm/Air       #.........   100%        6    #######
 Discord                  Hex            ###.......   100%        8    #######


Dungeon Overview and Level Annotations

Branches:
Dungeon (15/15)            Temple (1/1) D:4            Lair (5/6) D:10
  Snake (0/4) Lair:3          Orc (0/2) D:10         Vaults (0/5) D:14
 Depths (0/5) D:15
  Swamp: Lair:2-4    Shoals: Lair:2-4     Slime: Lair:5-6

Altars:
Ashenzari
Cheibriados
Dithmenos
Elyvilon
Fedhas
Gozag
Hepliaklqana
Kikubaaqudgha
Makhleb
Nemelex Xobeh
Okawaru
Qazlal
Ru
Sif Muna
Trog
Uskayaw
Vehumet
Wu Jian
Xom
Yredelemnul
Zin
The Shining One

Shops:
D:11 =

Annotations:
Lair:3 3 runed doors, Ezoatsupp's ghost, journeyman HOFi
Lair:5 1 transporter, Baiput's ghost, journeyman GrFi


Message History

You hit the hornet.
The hornet is poisoned.
You feel sick. The killer bee barely misses you. The killer bee stings you.
* * * LOW HITPOINT WARNING * * *
Unknown command.
You closely miss the killer bee.
The hornet stings you but does no damage.
The killer bee stings you but does no damage.
Baiput's ghost hits you!!
* * * LOW HITPOINT WARNING * * *
* * * LOW HITPOINT WARNING * * *
Unknown command.
You feel better.
The killer bee stings you but does no damage. x2
The hornet stings you.
* * * LOW HITPOINT WARNING * * *
You are poisoned.
The killer bee stings you but does no damage.
You block the hornet's attack. Baiput's ghost hits you!!
* * * LOW HITPOINT WARNING * * *
* * * LOW HITPOINT WARNING * * *
Unknown command.
Okay, then.
Unknown command.
You feel much better.
You feel sick. The killer bee barely misses you.
You block the killer bee's attack. You block the hornet's attack.
The killer bee stings you but does no damage.
Baiput's ghost hits you!
* * * LOW HITPOINT WARNING * * *
* * * LOW HITPOINT WARNING * * *
You feel much better.
You feel sick.
The killer bee stings you but does no damage.
You block the killer bee's attack.
The hornet stings you but does no damage.
The killer bee stings you but does no damage.
The hornet stings you but does no damage.
Baiput's ghost hits you!!
* * * LOW HITPOINT WARNING * * *
* * * LOW HITPOINT WARNING * * *
Unknown command.
You feel better.
The killer bee stings you but does no damage.
The killer bee stings you.
* * * LOW HITPOINT WARNING * * *
The killer bee rages.
The hornet stings you but does no damage.
The killer bee stings you but does no damage.
Baiput's ghost hits you!
* * * LOW HITPOINT WARNING * * *
You die...
Your body glows with a rainbow of weird colours and disappears.

#........###.###....###.........#
........#########..#............#
#.#P...###.###.###..............#
####...##..,#...##.............##
#....####.#.#.##...........###
#....##...#...##.........###
##...#(#.#.#.#.#.........#
#...#!.#..y#†y#........##
#P.©#y.#,#.#.♣#©.......#
###.#W/#...#Wy#......#.#
#####.#y#.#.#y#y#.....#.#####
##.##..##...#...##....###.##.###
..###..##.#.#.#.##....###.#.##.#
.......##y..#...##....##.#.....#*
.......###W###.###..............#
........#########...............#
.........###.###................#


You could see a hornet, 3 killer bees and Baiput's ghost.

Vanquished Creatures
  Rupert (D:13)
  Gastronok (Lair:1)
  Kirke (D:13)
  Snorg (D:13)
  2 fire dragons
  The ghost of tstbtto the Cleaver, a journeyman DDFi of Makhleb (D:11)
  Harold (D:10)
  An ice dragon (D:15)
  2 catoblepae (D:13)
  8 hydras
  3 centaur warriors
  2 dancing weapons
  4 two-headed ogres
  A hell hog (Volcano)
  A death yak (Lair:2)
  3 unseen horrors
  A deep elf mage (D:12)
  A wolf spider zombie (D:15)
  4 ugly things
  4 manticores
  4 elephants
  3 centaur zombies
  Joseph (D:10)
  2 torpor snails
  4 black mambas
  6 spiny frogs
  2 gargoyles (D:11)
  2 kobold demonologists (D:13)
  5 komodo dragons
  A centaur skeleton (D:15)
  3 rime drakes
  The ghost of Phong the Stinger, a novice OpVM of Ru (D:6)
  A queen bee (Lair:5)
  A polar bear (Lair:2)
  A troll (shapeshifter) (D:14)
  4 trolls
  A blink frog (Lair:2)
  A hornet (Lair:5)
  9 slime creatures
  12 hippogriffs
  A vampire (D:9)
  A shadow (D:13)
  30 yaks
  2 wyverns
  2 hogs (D:13)
  2 hungry ghosts
  A basilisk (Lair:2)
  15 fire bats (Volcano)
  A steam dragon (Volcano)
  Grum (D:10)
  3 wargs (D:10)
  2 nagas (Lair:3)
  Edmund (D:5)
  A swamp worm (shapeshifter) (D:15)
  2 acid dragons
  7 water moccasins
  2 hornet zombies
  5 porcupines
  4 sky beasts
  8 ice beasts
  5 orc warriors
  A black bear (D:11)
  3 phantoms
  7 ogres
  A necrophage (D:12)
  5 wolves
  8 centaurs
  9 crocodiles
  5 big kobolds
  2 elf zombies (Ossuary)
  12 bullfrogs
  A gnoll sergeant (D:10)
  A wyvern skeleton (D:11)
  6 scorpions
  6 killer bees
  5 electric eels
  5 wights (D:9)
  6 howler monkeys
  10 lava snakes (Volcano)
  4 crimson imps
  2 bullfrog zombies
  6 hounds
  A human zombie (Ossuary)
  4 jellies
  5 bullfrog skeletons
  An orc priest (D:13)
  Crazy Yiuf (D:5)
  3 iguanas
  Ijyb (D:5)
  9 orc wizards
  8 worker ants
  2 big kobold zombies (Ossuary)
  2 hound zombies
  A hound skeleton (D:5)
  4 mummies (Ossuary)
  A worker ant zombie (D:11)
  8 gnolls
  18 adders
  8 river rats (Sewer)
  A shadow imp (D:6)
  2 oozes
  An adder zombie (Ossuary)
  3 worms
  4 dart slugs
  4 leopard geckos
  40 orcs
  7 giant cockroaches
  12 hobgoblins
  29 jackals
  2 quokkas
  4 ball pythons
  A ball python zombie (D:5)
  10 bats
  11 frilled lizards
  6 goblins
  A hobgoblin zombie (Ossuary)
  2 jackal skeletons
  A jackal zombie (Ossuary)
  41 kobolds
  2 kobold zombies (Ossuary)
  A leopard gecko skeleton (D:6)
  A quokka skeleton (D:9)
  28 rats
  A rat zombie (Ossuary)
600 creatures vanquished.

Vanquished Creatures (collateral kills)
  A hydra (D:15)
  A two-headed ogre (D:12)
  2 centaur zombies (D:14)
  5 slime creatures
  A vampire (D:14)
  3 hogs (D:13)
  A yak (D:12)
  An acid dragon (D:14)
  A gnoll shaman (D:4)
  A bullfrog skeleton (D:12)
  3 gnolls (D:4)
  5 orcs (D:12)
  2 kobolds
27 creatures vanquished.

Vanquished Creatures (others)
  5 dream sheep (Lair:5)
  A hippogriff (D:12)
  4 wolves (Lair:5)
  A bullfrog (Lair:5)
  A crimson imp (D:12)
  An orc wizard (D:12)
  2 ball lightnings
  2 orcs (D:12)
  A fungus (Lair:3)
  9 plants
27 creatures vanquished.

Grand Total: 654 creatures vanquished

Notes
Turn   | Place    | Note
-------+----------+-------------------------------------------
     0 | D:1      | MalarOregon the Merfolk Gladiator began the quest for the
                  | Orb.
     0 | D:1      | Reached XP level 1. HP: 16/16 MP: 1/1
    90 | D:1      | Reached skill level 5 in Polearms
   159 | D:1      | Reached XP level 2. HP: 20/22 MP: 2/2
   373 | D:1      | Reached skill level 6 in Polearms
   373 | D:1      | Reached XP level 3. HP: 19/27 MP: 3/3
  1016 | D:2      | Reached XP level 4. HP: 33/33 MP: 4/4
  1023 | D:2      | Reached skill level 7 in Polearms
  1597 | D:3      | Found a shattered altar of Ashenzari.
  1621 | D:3      | Reached skill level 8 in Polearms
  1632 | D:3      | Reached XP level 5. HP: 38/38 MP: 5/5
  2328 | D:4      | Found a deep blue altar of Sif Muna.
  2366 | D:4      | Found a staircase to the Ecumenical Temple.
  2374 | D:4      | Reached skill level 9 in Polearms
  2438 | D:4      | Found a glowing drain.
  2457 | Sewer    | Entered a sewer
  2514 | Sewer    | Reached XP level 6. HP: 17/44 MP: 6/6
  3055 | Sewer    | Reached skill level 10 in Polearms
  3640 | Temple   | Entered the Ecumenical Temple
  3818 | Temple   | Became a worshipper of Nemelex Xobeh the Trickster
  3974 | D:4      | Received a gift from Nemelex Xobeh
  4055 | D:4      | Reached XP level 7. HP: 50/50 MP: 7/7
  4088 | D:4      | Reached skill level 11 in Polearms
  4103 | D:4      | HP: 2/50 [gnoll/+0 spear (5)]
  4998 | D:5      | Entered Level 5 of the Dungeon
  5261 | D:5      | Reached skill level 12 in Polearms
  5453 | D:5      | Noticed Ijyb
  5478 | D:5      | Killed Ijyb
  5478 | D:5      | Reached XP level 8. HP: 28/56 MP: 8/8
  5647 | D:5      | Reached skill level 13 in Polearms
  5753 | D:5      | Noticed Edmund
  5800 | D:5      | Killed Edmund
  5800 | D:5      | Reached skill level 14 in Polearms
  6008 | D:5      | Found a runed door.
  6089 | D:5      | Reached * piety under Nemelex Xobeh
  6474 | D:5      | Noticed Crazy Yiuf
  6481 | D:5      | Killed Crazy Yiuf
  6481 | D:5      | Reached skill level 1 in Armour
  6487 | D:5      | Got a brightly glowing mace
  6543 | D:5      | Identified the cursed +1 mace of Zin {antimagic, Fragile
                  | MP+9 Str-3 Int+3} (You found it on level 5 of the Dungeon)
  6814 | D:6      | Reached XP level 9. HP: 51/61 MP: 12/12
  7159 | D:6      | Found a runed gate.
  7159 | D:6      | Found a runed gate.
  7159 | D:6      | Found a runed gate.
  7180 | D:6      | Noticed Phong's ghost (novice OpVM)
  7194 | D:6      | Reached skill level 5 in Invocations
  7195 | D:6      | Received a gift from Nemelex Xobeh
  7257 | D:6      | Learned a level 2 spell: Sticks to Snakes
  7288 | D:6      | Killed Phong's ghost
  8296 | D:7      | Reached ** piety under Nemelex Xobeh
  8425 | D:7      | Reached skill level 5 in Fighting
  8655 | D:7      | Received a gift from Nemelex Xobeh
  8845 | D:8      | Found a sand-covered staircase.
  8854 | Ossuary  | Entered an ossuary
  8935 | Ossuary  | Reached skill level 5 in Transmutations
  9169 | Ossuary  | Got a twisted spear
  9299 | D:8      | Identified the +8 spear of Sloth {venom, SInv} (You found
                  | it in an ossuary)
  9356 | D:8      | Reached XP level 10. HP: 74/74 MP: 13/13
  9401 | D:8      | Reached *** piety under Nemelex Xobeh
 10388 | D:9      | Reached skill level 10 in Transmutations
 10421 | D:9      | Received a gift from Nemelex Xobeh
 10427 | D:9      | Found a snail-covered altar of Cheibriados.
 10546 | D:10     | Entered Level 10 of the Dungeon
 10553 | D:10     | Noticed a two-headed ogre
 10703 | D:9      | Killed a two-headed ogre
 10748 | D:10     | Reached XP level 11. HP: 16/87 MP: 5/14
 11444 | D:10     | Reached skill level 10 in Fighting
 11461 | D:10     | Noticed a two-headed ogre
 11472 | D:10     | Reached skill level 1 in Evocations
 11481 | D:10     | Killed a two-headed ogre
 11501 | D:10     | Noticed Grum
 11515 | D:10     | Found a staircase to the Lair.
 11650 | D:10     | Noticed Joseph
 11665 | D:10     | Killed Grum
 11685 | D:10     | Killed Joseph
 11685 | D:10     | Reached skill level 5 in Evocations
 12148 | D:10     | Found a staircase to the Orcish Mines.
 12167 | D:10     | Reached skill level 5 in Dodging
 12277 | D:10     | Noticed a two-headed ogre
 12289 | D:10     | Killed a two-headed ogre
 12319 | D:10     | Noticed Harold
 12387 | D:10     | Killed Harold
 12602 | D:11     | Received a gift from Nemelex Xobeh
 12610 | D:11     | Noticed a five-headed hydra
 12644 | D:11     | Killed a five-headed hydra
 12689 | D:11     | Reached **** piety under Nemelex Xobeh
 12728 | D:11     | Noticed a two-headed ogre
 12737 | D:11     | Killed a two-headed ogre
 12737 | D:11     | Reached XP level 12. HP: 79/97 MP: 15/15
 13017 | D:11     | Reached skill level 10 in Dodging
 13114 | D:11     | Noticed a four-headed hydra
 13121 | D:11     | Killed a four-headed hydra
 13135 | D:11     | Found Vupsoh's Jewellery Shop.
 13138 | D:11     | Bought the ring of Hocliogy {rElec Dex+2 Stlth-} for 334
                  | gold pieces
 13212 | D:11     | Found a runed door.
 13214 | D:11     | Noticed tstbtto's ghost (journeyman DDFi)
 13532 | D:11     | Killed tstbtto's ghost
 13764 | D:12     | HP: 2/97 [slime creature (13)]
 13793 | D:12     | Reached skill level 10 in Invocations
 13796 | D:12     | Noticed a two-headed ogre
 13801 | D:12     | Killed a two-headed ogre
 13801 | D:12     | Reached skill level 1 in Spellcasting
 13851 | D:12     | Learned a level 2 spell: Ensorcelled Hibernation
 13855 | D:12     | Learned a level 3 spell: Mephitic Cloud
 14045 | D:12     | You fall through a shaft for 2 floors!
 14062 | D:14     | Reached XP level 13. HP: 100/103 MP: 20/20
 14116 | D:14     | Identified the -2 quarterstaff of Uskayaw's Scorn {elec,
                  | *Contam rC+ Int+6 Dex+4}
 14411 | D:14     | Reached skill level 5 in Spellcasting
 14427 | D:14     | Found a gate to the Vaults.
 14516 | D:13     | Noticed Kirke
 14516 | D:13     | Noticed Snorg
 14781 | D:13     | Noticed Rupert
 14828 | D:13     | Killed Rupert
 15142 | D:13     | Killed Snorg
 15333 | D:13     | Received a gift from Nemelex Xobeh
 15388 | D:13     | Found a white marble altar of Elyvilon.
 15596 | D:13     | Killed Kirke
 15692 | D:13     | Reached ***** piety under Nemelex Xobeh
 16157 | D:15     | Entered Level 15 of the Dungeon
 16189 | D:15     | Reached skill level 10 in Spellcasting
 16196 | D:15     | Received a gift from Nemelex Xobeh
 16206 | D:15     | Found a snail-covered altar of Cheibriados.
 16222 | D:15     | Found an opulent altar of Gozag.
 16278 | D:15     | Reached skill level 1 in Ice Magic
 16278 | D:15     | Reached skill level 1 in Poison Magic
 16312 | D:15     | Identified the +6 long sword of the Black Skies {speed,
                  | rElec rF+ MR+}
 16377 | D:15     | Reached XP level 14. HP: 63/110 MP: 15/28
 16695 | D:15     | Learned a level 4 spell: Summon Ice Beast
 16703 | D:15     | Learned a level 7 spell: Dragon Form
 16754 | D:15     | Learned a level 5 spell: Yara's Violent Unravelling
 16776 | D:15     | Identified the +2 mace of Defence {flame, SInv}
 16801 | D:15     | HP: 5/110 [soul eater/drain life[the player character] (5)]
 17158 | D:15     | Received a gift from Nemelex Xobeh
 17284 | D:15     | Found a staircase to the Depths.
 17338 | D:15     | Reached skill level 5 in Ice Magic
 17338 | D:15     | Reached skill level 5 in Poison Magic
 17465 | D:15     | Found an opulent altar of Gozag.
 17495 | D:15     | Found a snail-covered altar of Cheibriados.
 17539 | D:15     | Reached skill level 1 in Hexes
 17539 | D:15     | Reached skill level 1 in Summonings
 17668 | D:15     | Found a staircase to the Depths.
 18038 | Lair:1   | Entered Level 1 of the Lair of Beasts
 18286 | Lair:1   | Noticed Gastronok
 18316 | Lair:1   | Killed Gastronok
 18693 | Lair:1   | Received a gift from Nemelex Xobeh
 19105 | Lair:2   | You fall through a shaft for 2 floors!
 19170 | Lair:4   | Received a gift from Nemelex Xobeh
 19605 | Lair:2   | Reached ****** piety under Nemelex Xobeh
 19745 | Lair:2   | Received a gift from Nemelex Xobeh
 20254 | Lair:2   | HP: 5/110 [rime drake/flash freeze (18)]
 20989 | Lair:3   | Reached skill level 5 in Armour
 21014 | Lair:3   | Found a staircase to the Snake Pit.
 21030 | Lair:3   | Reached skill level 5 in Summonings
 21039 | Lair:3   | Reached skill level 5 in Hexes
 21106 | Lair:3   | Found a runed gate.
 21106 | Lair:3   | Found a runed gate.
 21106 | Lair:3   | Found a runed gate.
 21110 | Lair:3   | Noticed Ezoatsupp's ghost (journeyman HOFi)
 21223 | Lair:3   | Received a gift from Nemelex Xobeh
 21361 | Lair:3   | You fall through a shaft for 2 floors!
 21436 | Lair:5   | Found a dark tunnel.
 21445 | Volcano  | Entered a volcano
 21664 | Volcano  | Reached XP level 15. HP: 98/115 MP: 23/29
 21737 | Volcano  | Found a bloodstained altar of Trog.
 22037 | Lair:5   | Received a gift from Nemelex Xobeh
 22403 | Lair:5   | Noticed Baiput's ghost (journeyman GrFi)
 22476 | Lair:5   | Found a transporter.
 22477 | Lair:5   | Found a transporter.
 22896 | Lair:5   | Paralysed by a hornet for 1 turns
 22912 | Lair:5   | Paralysed by a hornet for 2 turns
 22920 | Lair:5   | HP: 8/172 [Baiput's ghost (6)]
 22921 | Lair:5   | HP: 1/172 [Baiput's ghost (14)]
 22921 | Lair:5   | Slain by Baiput's ghost

Vault maps used:
D:1:      evilmike_arrival_home_sweet_home, minmay_unequal
D:2:      minmay_misc_feat_rows
D:3:      lemuel_tele_altar
D:4:      lemuel_doored_altar, minmay_temple_entry_antechambers,
          gup_sewer_entry_bubbles, grunt_ministairs_5
D:5:      minmay_thinvault, first_ration, uniq_crazy_yiuf_cottage, uniq_ijyb,
          uniq_edmund
D:6:      ebering_ghost_rock_garden, eino_tiny_chamber,
          minmay_misc_feat_nine_boxes
D:7:      hex_medium, serial_park_tiny_1, grunt_ogre_cave
D:8:      nicolae_ossuary_entry_monument, chequers_serial_rivers_large_b,
          kennysheep_nub
D:9:      basic_altar
D:10:     erik_lair_orcish_takeover, david_orc_2, solitary_fountain,
          uniq_harold, uniq_grum, uniq_joseph
D:11:     ebering_ghost_inner_flame, serial_shops, nicolae_shop_behind_doors,
          gauntlet_entry_generic, serial_bayou_pond_e, minmay_joined_circles
D:13:     nzn_motion_control, elyvilon_altar_5, uniq_rupert, uniq_snorg,
          uniq_kirke
D:14:     erik_vaults_1, chequers_serial_rivers_marsh
D:15:     grunt_enter_depths_hoard, basic_altar,
          nicolae_gozag_cash_rules_everything_around_me
Temple:   minmay_crystal_snake_temple
Lair:1:   wad_woods_river_01, infiniplex_staircase_pool_2, uniq_gastronok
Lair:2:   minmay_shattered_shrine, serial_bayou_shore_b
Lair:3:   guppyfry_snake_entry_island, gammafunk_ghost_hydra_chop
Lair:4:   skrybe_swamp_entry_bodies
Lair:5:   nicolae_volcano_entry_hallway, gammafunk_ghost_hive,
          chequers_serial_rivers_micro_c
Sewer:    sewer_minmay_treatment
Ossuary:  ossuary_minmay_tomb_2a
Volcano:  volcano_grotto

Skill      XL: |  1  2  3  4  5  6  7  8  9 10 11 12 13 14 15 |
---------------+----------------------------------------------+-----
Polearms       | 5 6 8 9 10 12 14 | 14.0
Invocations    | 4 5 10 | 10.1
Armour         | 1 4 5 |  5.0
Fighting       | 5 8 10 | 10.0
Transmutations | 5 10 11 13 | 13.4
Evocations     | 5 |  5.0
Dodging        | 9 10 | 10.0
Shields        | 3 4 |  4.0
Spellcasting   | 3 10 | 10.0
Ice Magic      | 2 5 |  5.0
Poison Magic   | 2 5 |  5.0
Hexes          | 5 |  5.0
Summonings     | 5 |  5.0
Throwing       | |  2.0

Action                   |  1- 3 |  4- 6 |  7- 9 | 10-12 | 13-15 || total
-------------------------+-------+-------+-------+-------+-------++-------
Melee: Trident           |   149 |   357 |   508 |       |       ||  1014
       Tailslap          |       |     5 |       |     2 |    11 ||    18
       Mace              |       |       |    20 |       |       ||    20
       Spear             |       |       |     6 |   905 |  1295 ||  2206
Throw: Stone             |    23 |     1 |       |       |       ||    24
       Javelin           |       |       |       |       |     3 ||     3
       Tomahawk          |       |       |       |       |     2 ||     2
 Cast: Sticks to Snakes  |       |       |       |    25 |       ||    25
Invok: Deal Four         |       |       |       |     1 |     1 ||     2
       Stack Five        |       |       |       |       |     1 ||     1
 Abil: Draw Destruction  |       |     2 |       |     9 |     3 ||    14
       Draw Summoning    |       |       |     1 |     4 |     4 ||     9
       Draw Escape       |       |       |       |       |     4 ||     4
       Draw Stack        |       |       |       |       |     1 ||     1
Evoke: Wand              |       |       |       |     3 |     2 ||     5
       Fan of gales      |       |       |       |       |     1 ||     1
  Use: Potion            |       |     2 |     2 |     1 |    11 ||    16
       Scroll            |       |       |    22 |     6 |    13 ||    41
 Stab: Sleeping          |       |     4 |     5 |     1 |     5 ||    15
       Distracted        |       |     2 |     2 |     4 |     5 ||    13
       Paralysed         |       |       |       |    11 |       ||    11
  Eat: Chunk             |     1 |     9 |    14 |    19 |    28 ||    71
       Ration            |       |       |     1 |       |       ||     1
Armor: Leather armour    |    32 |    54 |   123 |    32 |       ||   241
       Troll leather arm |       |       |       |    52 |    81 ||   133
       Acid dragon scale |       |       |       |       |    78 ||    78
       Skin              |       |       |       |       |    22 ||    22
Dodge: Dodged            |   106 |   195 |   302 |   305 |   617 ||  1525
Block: Buckler           |       |       |       |    32 |   213 ||   245

Table legend:
 A = Non-vault XP
 B = Vault XP
 C = Vault XP percentage of total XP
 D = Non-vault monster count
 E = Vault monster count
 F = Vault count percentage of total count
                 A         B        C        D         E       F
            +---------+---------+-------+---------+---------+-------
      Total |   58491 |   37285 |  38.9 |     451 |     191 |  29.8
            +---------+---------+-------+---------+---------+-------
        D:1 |      52 |       4 |   7.1 |      33 |       3 |   8.3
        D:2 |      46 |       0 |   0.0 |      21 |       0 |   0.0
        D:3 |      98 |       0 |   0.0 |      28 |       0 |   0.0
        D:4 |     335 |      85 |  20.2 |      30 |       7 |  18.9
        D:5 |     497 |     803 |  61.8 |      13 |      13 |  50.0
        D:6 |     729 |     338 |  31.7 |      23 |       1 |   4.2
        D:7 |     937 |     116 |  11.0 |      11 |       1 |   8.3
        D:8 |     894 |       0 |   0.0 |      12 |       0 |   0.0
        D:9 |    2725 |       0 |   0.0 |      35 |       0 |   0.0
       D:10 |    6027 |    2581 |  30.0 |      46 |      20 |  30.3
       D:11 |    4524 |    3928 |  46.5 |      26 |      16 |  38.1
       D:12 |    6326 |       0 |   0.0 |      38 |       0 |   0.0
       D:13 |    6443 |    9582 |  59.8 |      29 |      12 |  29.3
       D:14 |    1964 |     701 |  26.3 |      11 |       1 |   8.3
       D:15 |    9226 |    2898 |  23.9 |      27 |       3 |  10.0
     Lair:1 |    2302 |    3529 |  60.5 |      10 |       5 |  33.3
     Lair:2 |    5937 |    5522 |  48.2 |      20 |      11 |  35.5
     Lair:3 |    2888 |     335 |  10.4 |      12 |       2 |  14.3
     Lair:4 |     433 |       0 |   0.0 |       1 |       0 |   0.0
     Lair:5 |    6108 |     722 |  10.6 |      25 |       4 |  13.8
      Sewer |       0 |     207 | 100.0 |       0 |      48 | 100.0
    Ossuary |       0 |     382 | 100.0 |       0 |      16 | 100.0
    Volcano |       0 |    5552 | 100.0 |       0 |      28 | 100.0
            +---------+---------+-------+---------+---------+-------
